 Dungeon Crawl Stone Soup version 0.32-a0-699-g1ee5eff69a (webtiles) character file.

Game seed: 10206307831219273777

22742 IdlyInterested the Fighter (level 12, -9/96 HPs)
             Began as a Demonspawn Gladiator on Mar 12, 2024.
             Was a High Priest of Hepliaklqana.
             Shot with an arrow by a centaur warrior (18 damage)
             ... on level 14 of the Dungeon on Mar 13, 2024.
             The game lasted 00:57:09 (12545 turns).

IdlyInterested the Fighter (Demonspawn Gladiator)  Turns: 12545, Time: 00:57:10

Health: -9/96      AC: 16    Str: 15    XL:     12   Next: 65%
Magic:  19/19      EV:  9    Int: 12    God:    Hepliaklqana [*****.]
Gold:   484        SH:  0    Dex: 22    Spells: 18/21 levels left

rFire   + + .        b - +9 rapier of Raolehi {speed, rElec rC- rCorr}
rCold   x x .        (no shield)
rNeg    . . .        X - +0 fire dragon scales
rPois   .            c - +0 helmet
rElec   +            (no cloak)
rCorr   +            (gloves unavailable)
SInv    .            (no boots)
Will    .....        l - amulet of regeneration
Stlth   +            f - +4 ring of protection
HPRegen 1.16/turn    h - +6 ring of dexterity
MPRegen 0.16/turn

%: no passive effects
@: wreathed by umbra
A: reduced essence, thin metallic scales 2, demonic magic 3, demonic touch 3,
foul shadow 1
a: Renounce Religion, Recall Ancestor, Ancestor Identity, Transference, Idealise


You were on level 14 of the Dungeon.
You worshipped Hepliaklqana.
Hepliaklqana was extremely pleased with you.
You visited 2 branches of the dungeon, and saw 15 of its levels.
You also visited: Bailey.

You collected 1182 gold pieces.
You spent 698 gold pieces at shops.

Inventory:

Hand Weapons
 b - the +9 rapier of Raolehi (weapon) {speed, rElec rC- rCorr}
   (You acquired it on level 8 of the Dungeon)

   rC-:       It makes you vulnerable to cold.
   rElec:     It insulates you from electricity.
   rCorr:     It protects you from acid and corrosion.
 S - a +4 short sword
 Y - a +4 dagger
Missiles
 d - 8 throwing nets
 e - a javelin
 i - 17 poisoned darts
 u - 33 boomerangs (quivered)
 I - 11 atropa-tipped darts
Armour
 c - a +0 helmet (worn)
 T - the +1 plate armour of Deidot {rPois rN++ Int-2 SInv}
   (You found it in a bailey)

   Int-2:     It affects your intelligence (-2).
   rPois:     It protects you from poison.
   rN++:      It greatly protects you from negative energy.
   SInv:      It lets you see invisible.
 X - +0 fire dragon scales (worn)
Magical Staves
 o - a staff of cold
Jewellery
 f - a +4 ring of protection (left hand)
 g - a ring of fire
 h - a +6 ring of dexterity (right hand)
 l - an amulet of regeneration (around neck)
 n - a ring of positive energy
 s - a +6 ring of intelligence
 A - an amulet of the acrobat
 C - a ring of willpower
 P - a ring of protection from fire
Talismans
 G - a storm talisman
Wands
 k - a wand of mindburst (25)
 t - a wand of polymorph (19)
 L - a wand of flame (47)
 U - a wand of acid (10)
 W - a wand of roots (4)
 Z - a wand of digging (1)
Scrolls
 a - a scroll of vulnerability
 m - 8 scrolls of fear
 v - 7 scrolls of blinking
 x - 3 scrolls of enchant armour
 y - a scroll of amnesia
 z - 4 scrolls of teleportation
 B - 3 scrolls of fog
 F - a scroll of enchant weapon
 R - 3 scrolls of brand weapon
Potions
 j - 5 potions of brilliance
 p - 3 potions of enlightenment
 q - 2 potions of ambrosia
 r - 3 potions of haste
 w - 5 potions of might
 D - 2 potions of resistance
 E - 2 potions of mutation
 H - 7 potions of curing
 J - a potion of lignification {unknown}
 K - 3 potions of heal wounds
 N - a potion of cancellation
 O - a potion of degeneration {unknown}
 Q - a potion of invisibility
 V - a potion of berserk rage
Miscellaneous
 M - a phial of floods (inert)


   Skills:
 - Level 14.2 Fighting
 - Level 13.8(14.0) Short Blades
 - Level 3.2(9.5) Long Blades
 - Level 2.0 Throwing
 - Level 2.0 Armour
 - Level 3.0 Dodging
 - Level 4.0 Stealth
 - Level 4.0 Unarmed Combat
 * Level 5.2 Spellcasting
 - Level 2.0 Conjurations
 - Level 2.0 Hexes
 - Level 3.0 Invocations
 - Level 4.0 Evocations
 - Level 2.0 Shapeshifting


You had 18 spell levels left.
You knew the following spells:

 Your Spells              Type           Power      Damage    Failure   Level
a - Dazzling Flash        Conj/Hex       14%        N/A       80%         3

Your spell library contained the following spells:

 Spells                   Type           Power      Damage    Failure   Level
 Kiss of Death            Conj/Necr      20%        2d7       56%         1
 Jinxbite                 Hex            14%        N/A       56%         2
 Apportation              Tloc           6%         N/A       71%         1
 Tukima's Dance           Hex            7%         N/A       80%         3
 Cigotuvi's Dreadful Rot  Necr/Alch/Air  6%         N/A       83%         2
 Mercury Vapours          Alch/Air       6%         N/A       83%         2
 Hailstorm                Conj/Ice       5%         3d5       90%         3
 Mephitic Cloud           Conj/Alch/Air  4%         N/A       93%         3
 Fugue of the Fallen      Necr           3%         N/A       97%         3
 Gell's Gravitas          Tloc           3%         N/A       97%         3
 Ozocubu's Armour         Ice            3%         N/A       97%         3
 Summon Ice Beast         Ice/Summ       3%         N/A       97%         3
 Teleport Other           Tloc           3%         N/A       97%         3
 Dimensional Bullseye     Hex/Tloc       2%         N/A       100%        4
 Iskenderun's Mystic Bla  Conj/Tloc      5%         2d3       100%        4
 Leda's Liquefaction      Alch/Erth      1%         N/A       100%        4
 Manifold Assault         Tloc           3%         N/A       100%        4
 Vhi's Electric Charge    Tloc/Air       6%         N/A       100%        4
 Alistair's Intoxication  Alch           2%         N/A       100%        5
 Freezing Cloud           Conj/Ice/Air   2%         6-21      100%        5
 Iskenderun's Battlesphe  Conj           7%         2d6       100%        5
 Lee's Rapid Deconstruct  Erth           1%         3d4*      100%        5
 Bombard                  Conj/Erth      2%         9d1       100%        6
 Death Channel            Necr           1%         N/A       100%        6
 Dispersal                Tloc           1%         N/A       100%        6
 Permafrost Eruption      Ice/Erth       1%         2x4d2     100%        6
 Sculpt Simulacrum        Ice/Alch       1%         N/A       100%        6
 Starburst                Conj/Fire      2%         6d3       100%        6
 Spellforged Servitor     Conj/Summ      2%         N/A       100%        7
 Maxwell's Capacitive Co  Air            1%         ∞         100%        8


Dungeon Overview and Level Annotations

Branches:
Dungeon (14/15)            Temple (1/1) D:4            Lair (0/5) D:10
    Orc (0/2) D:9          Bailey (visited)
 Vaults: D:13-14

Altars:
Ashenzari
Cheibriados
Dithmenos
Fedhas
Gozag
Hepliaklqana
Kikubaaqudgha
Makhleb
Nemelex Xobeh
Okawaru
Qazlal
Ru
Sif Muna
Trog
Uskayaw
Vehumet
Wu Jian
Xom
Yredelemnul

Shops:
D:6 (   D:7 ?[[   D:8 [


Innate Abilities, Weirdness & Mutations

Your life essence is reduced to manifest your ancestor. (-10% HP)
You are mostly covered in thin metallic scales. (AC +3)
Spells you cast and wands you use may paralyse nearby enemies.
Your touch may irresistibly damage your foes and sap their willpower.
You are faintly shadowed, very rarely releasing foul flame when damaged in melee.


Message History

You puncture the deep elf pyromancer!
The deep elf pyromancer is severely wounded.
You feel sick.
You hit the deep elf pyromancer.
You touch the deep elf pyromancer.
You kill the deep elf pyromancer!
You feel sick.
Things that are here:
a +0 rapier; a +0 ring mail; an elf corpse You feel sick.
You hear a grinding noise.
A cyclops comes into view.
You feel sick.
You feel sick.
You hear a grinding noise.
Found 17 gold pieces.
You feel sick.
You hear a grinding noise.
The cyclops throws a large rock.
The large rock hits you!
* * * LOW HITPOINT WARNING * * *
You feel sick. The cyclops barely misses you.
You puncture the cyclops!
The cyclops is lightly wounded.
You puncture the cyclops!
The cyclops is heavily wounded.
You hit the cyclops.
You touch the cyclops!
You sap its willpower!
The cyclops is almost dead.
You feel sick.
You are no longer poisoned.
The cyclops hits you!
* * * LOW HITPOINT WARNING * * *
You puncture the cyclops!
You kill the cyclops!
Your Spellcasting skill increases to level 5!
You start resting.
A centaur warrior comes into view.
Duhauvo gestures at the centaur warrior while chanting.
The centaur warrior easily resists.
The centaur warrior wields a +0 shortbow.
The centaur warrior shoots an arrow.
The arrow hits you!!
You die...
Hepliaklqana delivers you to your ancestors.

##############+#
.<.......$.......
...............$.
.................
................
.......R@(......
...##....###...##
...##.)).########.
......)...........
..................
........).........
........c.........
######..####..######
#####..........#......#


You could see the friendly Duhauvo the hexer and a centaur warrior (ally
target).

Vanquished Creatures
  An orc warlord (Bailey)
  2 boulder beetles
  4 two-headed ogres
  A fire crab (D:10)
  Pikel (D:8)
  4 deep elf pyromancers
  An ugly thing (D:10)
  2 cyclopes
  Joseph (D:8)
  3 meliai (D:14)
  A gargoyle (D:10)
  3 kobold demonologists (D:10)
  A troll (D:12)
  Psyche (D:8)
  3 wraiths
  A vampire (D:10)
  2 shadows
  13 yaks
  Grum (D:11)
  2 basilisks
  A steam dragon (D:8)
  8 vampire mosquitoes
  2 water moccasins
  An acid dragon (D:12)
  7 orc warriors
  2 sky beasts
  2 ice beasts
  3 black bears
  3 ogres
  4 wolves (D:11)
  5 centaurs
  2 phantoms
  2 kobold brigands
  A gnoll sergeant (D:11)
  2 scorpions
  13 wights
  2 killer bees (D:8)
  8 howler monkeys
  An electric eel (D:13)
  3 bombardier beetles
  3 gnoll boudas (D:6)
  2 jellies
  5 orc priests
  3 hounds
  2 quasits (D:5)
  2 iguanas
  12 orc wizards
  A sleepcap (D:6)
  A hexer (D:8)
  10 adders
  19 gnolls
  6 shadow imps (D:5)
  9 white imps
  5 ufetubi
  4 dart slugs
  32 orcs
  3 ball pythons
  7 bats
  5 endoplasms
  5 giant cockroaches
  9 goblins
  9 hobgoblins
  4 jackals
  20 kobolds
  4 quokkas
  A frilled lizard (D:1)
  8 rats
311 creatures vanquished.

Vanquished Creatures (collateral kills)
  A two-headed ogre (D:8)
  A deep elf pyromancer (D:10)
  An unseen horror (D:9)
  3 yaks
  A steam dragon (D:8)
  2 orc warriors
  A killer bee (D:8)
  3 gnolls
  A shadow imp (D:5)
  A white imp (D:8)
  5 orcs
  3 goblins
  2 hobgoblins
  2 kobolds
27 creatures vanquished.

Vanquished Creatures (others)
  4 hexers
  An ancestor (D:6)
5 creatures vanquished.

Grand Total: 343 creatures vanquished

Notes
Turn   | Place    | Note
-------+----------+-------------------------------------------
     0 | D:1      | IdlyInterested the Demonspawn Gladiator began the quest for
                  | the Orb.
     0 | D:1      | Reached XP level 1. HP: 16/16 MP: 1/1
   237 | D:1      | Gained mutation: Your touch may inflict minor irresistible
                  | damage on your foes. [demonic ancestry]
   237 | D:1      | Reached XP level 2. HP: 23/23 MP: 2/2
   554 | D:1      | Found Desiusm's Distillery.
   726 | D:1      | Bought a potion of curing for 36 gold pieces
   800 | D:2      | Gained mutation: You are partially covered in thin metallic
                  | scales. (AC +2) [demonic ancestry]
   800 | D:2      | Reached XP level 3. HP: 28/28 MP: 3/3
   885 | D:2      | Reached skill level 3 in Fighting
   885 | D:2      | Reached skill level 1 in Stealth
  1201 | D:2      | Gained mutation: Spells you cast may paralyse adjacent
                  | enemies. [demonic ancestry]
  1201 | D:2      | Reached XP level 4. HP: 35/35 MP: 4/4
  1567 | D:3      | Reached skill level 4 in Fighting
  1646 | D:3      | Reached skill level 1 in Short Blades
  1646 | D:3      | Gained mutation: You are mostly covered in thin metallic
                  | scales. (AC +3) [demonic ancestry]
  1646 | D:3      | Reached XP level 5. HP: 38/43 MP: 5/5
  1749 | D:3      | Found a shimmering blue altar of Sif Muna.
  1844 | D:3      | Reached skill level 5 in Fighting
  2170 | D:3      | Found a hide-covered altar of Uskayaw.
  2254 | D:3      | Reached skill level 1 in Unarmed Combat
  2398 | D:4      | Found a staircase to the Ecumenical Temple.
  2403 | Temple   | Entered the Ecumenical Temple
  2540 | D:4      | Found a hazy altar of Hepliaklqana.
  2577 | D:4      | Noticed an ogre
  2585 | D:4      | Gained mutation: You are faintly shadowed, very rarely
                  | releasing foul flame when damaged in melee. [demonic
                  | ancestry]
  2585 | D:4      | Reached XP level 6. HP: 52/52 MP: 6/6
  2589 | D:4      | Reached skill level 6 in Fighting
  3005 | D:4      | Found a sparkling altar of Nemelex Xobeh.
  3324 | D:1      | Bought a potion of resistance for 120 gold pieces
  3403 | D:4      | Became a worshipper of Hepliaklqana the Forgotten
  3426 | D:5      | Entered Level 5 of the Dungeon
  3426 | D:5      | Found an ornate altar of the Wu Jian Council.
  3426 | D:5      | Found a shadowy altar of Dithmenos.
  3503 | D:5      | Gained mutation: Your touch may inflict irresistible damage
                  | on your foes. [demonic ancestry]
  3503 | D:5      | Reached XP level 7. HP: 37/59 MP: 7/7
  3536 | D:5      | Reached skill level 1 in Armour
  3739 | D:5      | Reached skill level 7 in Fighting
  3955 | D:5      | Reached skill level 1 in Invocations
  4078 | D:5      | Gained mutation: Spells you cast may paralyse nearby
                  | enemies. [demonic ancestry]
  4078 | D:5      | Reached XP level 8. HP: 50/67 MP: 7/9
  4287 | D:5      | Reached skill level 5 in Short Blades
  4300 | D:5      | Reached skill level 1 in Evocations
  4359 | D:5      | Reached skill level 8 in Fighting
  4376 | D:5      | Reached * piety under Hepliaklqana
  4728 | D:1      | Bought a potion of mutation for 96 gold pieces
  4728 | D:1      | Bought a potion of ambrosia for 96 gold pieces
  4728 | D:1      | Bought a potion of might for 48 gold pieces
  4728 | D:1      | Bought a potion of curing for 36 gold pieces
  5045 | D:6      | Reached skill level 1 in Shapeshifting
  5184 | D:6      | Reached skill level 9 in Fighting
  5330 | D:6      | Gained mutation: Your touch may irresistibly damage your
                  | foes and sap their willpower. [demonic ancestry]
  5330 | D:6      | Reached XP level 9. HP: 47/68 MP: 10/10
  5453 | D:6      | Found Pezet's Hydra Hut.
  5456 | D:6      | Noticed a six-headed hydra
  5865 | D:7      | Found Deri's Magic Scroll Shop.
  5865 | D:7      | Found Cicauz's Armour Shop.
  5865 | D:7      | Found Botel's Antique Armour Shop.
  6122 | D:7      | Reached skill level 1 in Spellcasting
  6173 | D:7      | Reached ** piety under Hepliaklqana
  6174 | D:7      | Remembered your ancestor Duhauvo as a hexer
  6464 | D:8      | Noticed Joseph
  6491 | D:8      | Killed Joseph
  6492 | D:8      | Reached skill level 10 in Fighting
  6496 | D:8      | Learned a level 3 spell: Dazzling Flash
  6524 | D:8      | Noticed Pikel
  6545 | D:8      | Killed Pikel
  6546 | D:8      | Reached skill level 1 in Conjurations
  6612 | D:8      | Reached skill level 11 in Fighting
  6677 | D:8      | Gained mutation: Spells you cast and wands you use may
                  | paralyse nearby enemies. [demonic ancestry]
  6677 | D:8      | Reached XP level 10. HP: 63/78 MP: 13/13
  6746 | D:8      | Noticed a two-headed ogre
  6759 | D:8      | Killed a two-headed ogre
  6760 | D:8      | Reached skill level 1 in Hexes
  6847 | D:8      | Noticed Psyche
  6854 | D:8      | Killed Psyche
  6877 | D:8      | Found a flagged portal.
  6910 | Bailey   | Entered a bailey
  6928 | Bailey   | Noticed an orc warlord
  7100 | Bailey   | Found a runed translucent gate.
  7102 | Bailey   | Found a runed translucent gate.
  7103 | Bailey   | Found a runed translucent gate.
  7177 | Bailey   | Killed an orc warlord
  7178 | Bailey   | Reached skill level 12 in Fighting
  7199 | Bailey   | Identified the +1 plate armour of Deidot {rPois rN++ Int-2
                  | SInv}
  7444 | D:8      | Acquired the +9 rapier of Raolehi {speed, rElec rC- rCorr}
  7680 | D:8      | Upgraded the game from 0.32-a0-685-g93135e86f0 to
                  | 0.32-a0-699-g1ee5eff69a
  7739 | D:7      | Bought a scroll of brand weapon for 133 gold pieces
  8038 | D:9      | Reached skill level 13 in Fighting
  8108 | D:9      | Reached *** piety under Hepliaklqana
  8121 | D:9      | Found a staircase to the Orcish Mines.
  8226 | D:9      | Reached skill level 10 in Short Blades
  8345 | D:9      | Reached XP level 11. HP: 88/88 MP: 14/14
  8688 | D:10     | Entered Level 10 of the Dungeon
  8692 | D:10     | Noticed a purple ugly thing
  8710 | D:10     | Killed a purple ugly thing
  8768 | D:10     | Noticed a two-headed ogre
  8774 | D:10     | Killed a two-headed ogre
  8777 | D:10     | Noticed a deep elf pyromancer
  8788 | D:10     | Killed a deep elf pyromancer
  8896 | D:10     | Found a stormy altar of Qazlal.
  8947 | D:10     | Noticed a deep elf pyromancer
  8947 | D:10     | Noticed a deep elf pyromancer
  8955 | D:10     | Reached skill level 14 in Fighting
  8963 | D:10     | Killed a deep elf pyromancer
  8967 | D:10     | Killed a deep elf pyromancer
  9004 | D:10     | Got Necvonaf's Encyclopedia of Grim Places
  9196 | D:10     | Reached **** piety under Hepliaklqana
  9263 | D:10     | Noticed a two-headed ogre
  9273 | D:10     | Killed a two-headed ogre
  9435 | D:10     | Found a staircase to the Lair.
  9435 | D:10     | Noticed a fire crab
  9443 | D:10     | Killed a fire crab
  9723 | D:7      | Bought a scroll of torment for 133 gold pieces
 10476 | D:11     | Noticed Grum
 10479 | D:11     | Reached XP level 12. HP: 96/96 MP: 18/18
 10486 | D:11     | Killed Grum
 11190 | D:12     | Noticed a boulder beetle
 11199 | D:12     | Killed a boulder beetle
 11252 | D:12     | Reached ***** piety under Hepliaklqana
 11390 | D:12     | Noticed a two-headed ogre
 11397 | D:12     | Killed a two-headed ogre
 11504 | D:12     | Noticed a two-headed ogre
 11511 | D:12     | Killed a two-headed ogre
 12220 | D:13     | Noticed a boulder beetle
 12236 | D:13     | Killed a boulder beetle
 12538 | D:14     | HP: 2/96 [cyclops (10)]
 12540 | D:14     | Reached skill level 5 in Spellcasting
 12545 | D:14     | Noticed a centaur warrior
 12545 | D:14     | Shot with an arrow by a centaur warrior

Illustrated notes

Levels and vault maps discovered:
D:1:      spicycebolla_arrival_risky_transporter, layout_loops_ring,
          serial_shops, shop, minivault_24
D:2:      layout_basic, basic_altar
D:3:      minmay_inner_zag, layout_loops_ring, nicolae_uskayaw_suspiria,
          lemuel_doored_altar
D:4:      layout_basic, mainiacjoe_overflow_brackets,
          mainiacjoe_overflow_small_starburst, minmay_temple_entry_wispy,
          small_statue_alley_b
D:5:      minmay_razor_zed, layout_basic,
          chequers_temple_overflow_statue_of_worship, serial_demonic,
          serial_demonic_g, serial_demonic_b, serial_demonic_b,
          serial_demonic_d, serial_demonic_e, serial_demonic_b,
          serial_demonic_c, serial_demonic_b, serial_demonic_e,
          serial_demonic_d, grunt_decor_resistance
D:6:      layout_loops_ring, doesnt_shop_hydraphobe
D:7:      layout_rooms, kennysheep_nondescript, dk_vineyard_2,
          nicolae_shop_distant_corner_stores
D:8:      layout_basic, enter_bailey_4, hex_intersection, uniq_psyche,
          uniq_joseph, uniq_pikel
D:9:      layout_small_grid, mainiacjoe_overflow_tiny_flanked, orc_0_dummy
D:10:     layout_small_grid, nicolae_qazlal_style_of_elements,
          minmay_lair_entry_lava, serial_library,
          serial_library_hellmonk_room_c, serial_library_hellmonk_small_alcove,
          serial_library_hellmonk_open_square,
          serial_library_hellmonk_small_alcove,
          serial_library_regret_index_split_case,
          serial_library_hellmonk_big_corner, serial_library_hellmonk_room_c,
          serial_library_hellmonk_metal_room
D:11:     layout_layer_cave, uniq_grum
D:12:     layout_loops_ring
D:13:     layout_basic
D:14:     minmay_evil_eye, layout_stronghold, hellmonk_vaults_order_and_chaos,
          nicolae_doodle_vault, uniq_roxanne
Temple:   nicolae_temple_ecumenical_triangle

Skill      XL: |  1  2  3  4  5  6  7  8  9 10 11 12 |
---------------+-------------------------------------+-----
Throwing       | 2 |  2.0
Long Blades    | 3 |  3.2
Fighting       | 3 4 5 6 7 9 11 13 14 | 14.2
Stealth        | 1 2 4 |  4.0
Short Blades   | 1 3 4 6 8 10 12 13 | 13.8
Unarmed Combat | 1 2 4 |  4.0
Armour         | 2 |  2.0
Invocations    | 1 2 3 |  3.0
Evocations     | 2 4 |  4.0
Shapeshifting  | 1 2 |  2.0
Spellcasting   | 2 4 5 |  5.2
Conjurations   | 2 |  2.0
Hexes          | 2 |  2.0
Dodging        | 3 |  3.0

Action                     |  1- 3 |  4- 6 |  7- 9 | 10-12 || total
---------------------------+-------+-------+-------+-------++-------
  Melee: Long sword        |    90 |   141 |       |       ||   231
         Touch             |     8 |    21 |    69 |    87 ||   185
         Short sword       |       |    12 |   351 |   105 ||   468
         Rapier            |       |       |       |   330 ||   330
  Throw: Javelin           |       |     1 |     1 |       ||     2
         Stone             |       |       |     4 |    25 ||    29
         Throwing net      |       |       |       |     2 ||     2
         Boomerang         |       |       |       |     2 ||     2
 Invoke: Ancestor Life: He |       |       |     1 |       ||     1
  Evoke: Wand              |       |       |     3 |     3 ||     6
         Phial of floods   |       |       |       |     1 ||     1
    Use: Potion            |       |     5 |     3 |     3 ||    11
         Scroll            |       |     6 |     2 |     5 ||    13
   Stab: Sleeping          |       |       |     2 |       ||     2
         Distracted        |       |       |     1 |     7 ||     8
         Confused          |       |       |     1 |    13 ||    14
         Paralysed         |       |       |       |     2 ||     2
 Armour: Leather armour    |     9 |       |       |       ||     9
         Chain mail        |    62 |    45 |       |       ||   107
         Scale mail        |       |   103 |    34 |       ||   137
         Ring mail         |       |       |    30 |       ||    30
         Robe              |       |       |   140 |    44 ||   184
         Skin              |       |       |     1 |       ||     1
         Fire dragon scale |       |       |       |   139 ||   139
  Dodge: Dodged            |    48 |    79 |   208 |   170 ||   505

Table legend: (Time is in decaauts)
 A = Elapsed time spent in this place.
 B = Non-inter-level travel time spent in this place.
 C = Inter-level travel time spent in this place.
 D = Time resting spent in this place.
 E = Time spent auto-exploring this place.
 F = Levels seen in this place.
 G = Mean time per level.
                   A        B        C        D        E       F      G
               +--------+--------+--------+--------+--------+-----+--------+
         Total |  12257 |  10395 |   1862 |    382 |   7206 |  16 |  766.1 |
       Dungeon |  11761 |   9899 |   1862 |    382 |   7043 |  14 |  840.1 |
        Temple |      1 |      1 |      0 |      0 |      0 |   1 |    1.0 |
        Bailey |    494 |    494 |      0 |      0 |    163 |   1 |  494.0 |
               +--------+--------+--------+--------+--------+-----+--------+

Top non-repeatable levels by time:
     D:5: 1251 daAuts
     D:6: 1147 daAuts
    D:11: 1086 daAuts
     D:4: 974 daAuts
     D:2: 924 daAuts
    D:10: 922 daAuts
     D:8: 909 daAuts
     D:3: 876 daAuts
     D:1: 843 daAuts
     D:9: 716 daAuts
    D:13: 706 daAuts
    D:12: 684 daAuts
     D:7: 666 daAuts
  Bailey: 494 daAuts
    D:14: 51 daAuts
